[Event "Titled Tuesday Blitz November 07 Early 2023"]
[White "Harriott, Tyrell"]
[Black "Khater, Sherif"]
[WhiteFideId "2086484"]
[BlackFideId "2034280"]
[WhiteElo "2338"]
[BlackElo "2496"]
[Result "1-0"]
[Round "6"]
[TimeControl "180+1"]
[Date "2023.11.07"]
[WhiteClock "0:00:59"]
[BlackClock "0:00:15"]
[Board "141"]

1. d4 a6 2. e3 g6 3. Bd3 Bg7 4. f4 d6 5. Nf3 Nf6 6. O-O O-O 7. Nbd2 Nbd7 8. f5 c5 9. Qe1 b5 10. c3 Bb7 11. Qh4 Rc8 12. fxg6 hxg6 13. Ng5 Qb6 14. Nde4 Bxe4 15. Bxe4 cxd4 16. exd4 b4 17. Bd2 bxc3 18. Bxc3 e5 19. Rad1 d5 20. Bxd5 Rxc3 21. bxc3 exd4 22. cxd4 Qd6 23. Bb3 a5 24. Ba4 Nh5 25. Bb3 Ndf6 26. g4 Nf4 27. Rf2 a4 28. Bc4 Nd7 29. Qh7# 1-0


[Site "https://www.chess.com"]

[Event "Titled Tuesday Blitz November 07 Early 2023"]
[White "Reprintsev, Alexander"]
[Black "SlippperyWhenWet"]
[WhiteFideId "14100541"]
[WhiteElo "2496"]
[BlackElo "2334"]
[Result "1/2-1/2"]
[Round "6"]
[TimeControl "180+1"]
[Date "2023.11.07"]
[WhiteClock "0:00:37"]
[BlackClock "0:00:05"]
[Board "142"]

1. e4 c5 2. b3 g6 3. Bb2 Nf6 4. e5 Nd5 5. Nc3 Nxc3 6. dxc3 Bg7 7. Qd5 O-O 8. Qxc5 d6 9. exd6 exd6 10. Qd5 Nc6 11. O-O-O a5 12. a4 Qf6 13. Nf3 Bf5 14. Bd3 Nb4 15. Qd4 Nxd3+ 16. cxd3 Qxd4 17. cxd4 Rac8+ 18. Kb1 Rfe8 19. Rd2 Bh6 20. Rdd1 Re2 21. Bc1 Bxc1 22. Rxc1 Bxd3+ 23. Ka1 Rxc1+ 24. Rxc1 Rxf2 25. Rc8+ Kg7 26. Rc7 Be4 27. Ng5 Bxg2 28. h4 Bd5 29. Rd7 Bxb3 30. Rxb7 Bxa4 31. Ne6+ Kh6 32. Nd8 Be8 33. Re7 Bb5 34. Nxf7+ Kh5 35. Ng5 h6 36. Ne4 Rf1+ 37. Kb2 Kxh4 38. Nxd6 Bd3 39. Kc3 Bb1 40. d5 g5 41. Nc4 g4 42. d6 Bf5 43. d7 Bxd7 44. Rxd7 g3 45. Ne3 Rf3 46. Kd2 Rf2+ 47. Kd3 Ra2 48. Ke4 Kh3 49. Rh7 g2 50. Rxh6+ Kg3 51. Rg6+ Kh2 52. Kf3 g1=N+ 53. Ke4 Nh3 54. Nf1+ Kh1 55. Ng3+ Kh2 56. Kd4 a4 57. Nf1+ Kh1 58. Ng3+ Kh2 59. Nf1+ Kh1 60. Ng3+ Kg2 61. Ne4+ Kf3 62. Nc3 Nf4 63. Nxa2 Nxg6 64. Kc4 Nf4 65. Kb4 Ke3 66. Kxa4 1/2-1/2


[Site "https://www.chess.com"]

[Event "Titled Tuesday Blitz November 07 Early 2023"]
[White "MIss_MIaMI"]
[Black "Hajiyev, Kanan"]
[BlackFideId "13404148"]
[WhiteElo "2328"]
[BlackElo "2495"]
[Result "0-1"]
[Round "6"]
[TimeControl "180+1"]
[Date "2023.11.07"]
[WhiteClock "0:00:38"]
[BlackClock "0:01:47"]
[Board "143"]

1. e4 c6 2. d4 d5 3. exd5 cxd5 4. Bb5+ Bd7 5. Bd3 Nc6 6. c3 Nf6 7. h3 g6 8. Nf3 Bg7 9. O-O O-O 10. Re1 Rb8 11. Bf4 Rc8 12. Nbd2 Qb6 13. Rb1 Rfe8 14. Ne5 Nxe5 15. Bxe5 Bb5 16. Nf3 Bxd3 17. Qxd3 a6 18. Re2 Qc6 19. Rbe1 e6 20. Nd2 b5 21. Nb3 Qc4 22. Qxc4 bxc4 23. Nc5 a5 24. f3 Nh5 25. Bxg7 Kxg7 26. b3 Nf4 27. Rc2 Nd3 28. Nxd3 cxd3 29. Rd2 Rxc3 30. Re3 Rec8 31. Rexd3 Rxd3 32. Rxd3 Rc2 33. a4 h5 34. h4 Kf6 35. Kh2 Kf5 36. Kg3 Rb2 37. Rc3 Rd2 38. Rc5 Rxd4 39. Rxa5 Rb4 40. Rb5 Rxb5 41. axb5 Ke5 42. b4 Kd6 43. Kf4 e5+ 44. Ke3 Kc7 45. g4 Kb6 46. gxh5 gxh5 47. f4 f6 48. fxe5 fxe5 49. Kd3 Kxb5 50. Kc3 d4+ 51. Kd3 Kxb4 52. Ke4 Kc3 53. Kf5 d3 54. Kg5 d2 55. Kxh5 d1=Q+ 56. Kg5 Qg1+ 57. Kf6 Qg4 58. Kxe5 Qxh4 0-1


[Site "https://www.chess.com"]

[Event "Titled Tuesday Blitz November 07 Early 2023"]
[White "Petrova, Irina"]
[Black "Lehtosaari, Mauri"]
[WhiteFideId "14124122"]
[BlackFideId "501999"]
[WhiteElo "2324"]
[BlackElo "2493"]
[Result "0-1"]
[Round "6"]
[TimeControl "180+1"]
[Date "2023.11.07"]
[WhiteClock "0:01:38"]
[BlackClock "0:01:25"]
[Board "144"]

1. e4 d5 2. exd5 Qxd5 3. Nc3 Qd8 4. d4 Nf6 5. Bc4 a6 6. a4 Bg4 7. Nge2 e6 8. O-O Be7 9. h3 Bh5 10. Bf4 O-O 11. Qd2 c6 12. Ng3 Bg6 13. Rad1 Nbd7 14. Rfe1 Nb6 15. Bd3 Bb4 16. Bxg6 hxg6 17. Qe2 Nbd5 18. Nxd5 Nxd5 19. Bd2 Bxd2 20. Qxd2 b5 21. axb5 axb5 22. Ne4 Ra2 23. c3 Qh4 24. Nc5 Rfa8 25. Rb1 Qf4 26. Qxf4 Nxf4 27. Kh2 g5 28. g3 Nd5 29. Re5 Ra1 30. Rxa1 Rxa1 31. Rxg5 Rb1 32. Nd3 Rd1 33. Ne5 f6 34. Rg4 fxe5 35. dxe5 Rd2 36. Kg2 Ne3+ 0-1


[Site "https://www.chess.com"]

[Event "Titled Tuesday Blitz November 07 Early 2023"]
[White "Ardila, Oscar Humberto"]
[Black "Grossboss19"]
[WhiteFideId "4404742"]
[WhiteElo "2323"]
[BlackElo "2492"]
[Result "0-1"]
[Round "6"]
[TimeControl "180+1"]
[Date "2023.11.07"]
[WhiteClock "0:00:00"]
[BlackClock "0:00:08"]
[Board "145"]

1. d4 Nf6 2. c4 e6 3. Nc3 Bb4 4. Bd2 O-O 5. Nf3 d5 6. e3 a6 7. Qc2 Nbd7 8. cxd5 exd5 9. Bd3 c6 10. O-O h6 11. a3 Bd6 12. b4 Re8 13. Ne2 Qe7 14. Ng3 Nf8 15. Rfc1 Ne4 16. Be1 f5 17. Rab1 g5 18. Bc3 f4 19. exf4 gxf4 20. Bxe4 dxe4 21. Re1 fxg3 22. hxg3 Bf5 23. Nh4 Bh7 24. Qd2 Qg5 25. Qa2+ Qd5 26. Qb2 e3 27. Rbc1 Re6 28. f4 Rae8 29. Qe2 h5 30. a4 R6e7 31. b5 cxb5 32. axb5 axb5 33. Ra1 Ng6 34. Nf3 h4 35. Ng5 hxg3 36. Qh5 Nxf4 37. Qh6 Qf5 38. d5 Qg6 39. Qh4 Nh5 40. Bd4 Bf4 41. Nf3 Re4 42. Bc5 Bh6 43. d6 Rxh4 44. Nxh4 Qe6 45. d7 Qxd7 46. Rad1 Qc6 0-1


[Site "https://www.chess.com"]

[Event "Titled Tuesday Blitz November 07 Early 2023"]
[White "Rama, Tejas"]
[Black "Napoli, Nicolo"]
[WhiteFideId "30907381"]
[BlackFideId "813702"]
[WhiteElo "2492"]
[BlackElo "2320"]
[Result "0-1"]
[Round "6"]
[TimeControl "180+1"]
[Date "2023.11.07"]
[WhiteClock "0:00:06"]
[BlackClock "0:00:03"]
[Board "146"]

1. d4 g6 2. c4 Bg7 3. e4 d6 4. Nc3 Nc6 5. d5 Nd4 6. Be3 e5 7. dxe6 Nxe6 8. Nge2 Nf6 9. g3 O-O 10. Bg2 Ng4 11. Bc1 Ng5 12. h3 Nh6 13. f4 Ne6 14. O-O f5 15. Be3 fxe4 16. g4 Nf5 17. gxf5 gxf5 18. Nd4 Rf6 19. Nd5 Nxd4 20. Bxd4 Rg6 21. Bxg7 Rxg7 22. Qd4 Kf7 23. Ne3 Be6 24. Rad1 Qh4 25. Kh1 Rag8 26. Rd2 Rg3 27. c5 d5 28. Kh2 c6 29. Rdf2 R8g6 30. Qd2 Rh6 31. Rh1 Rhg6 32. Kg1 a6 33. Kf1 Qh5 34. b4 Qh6 35. Nd1 Qg7 36. Ne3 Qa1+ 37. Qe1 Qd4 38. Nd1 Qc4+ 39. Qe2 Qxb4 40. h4 Qxc5 41. h5 R6g4 42. h6 d4 43. Qe1 Bc4+ 44. Kg1 e3 45. Rf3 Rxf3 46. Rh4 Rfg3 47. Rxg4 Rxg4 48. Kh2 Bd5 49. Bf3 Bxf3 0-1


[Site "https://www.chess.com"]

[Event "Titled Tuesday Blitz November 07 Early 2023"]
[White "Lund, Gunnar"]
[Black "Mazzilli, Piero"]
[WhiteFideId "1520814"]
[BlackFideId "807087"]
[WhiteElo "2491"]
[BlackElo "2318"]
[Result "1-0"]
[Round "6"]
[TimeControl "180+1"]
[Date "2023.11.07"]
[WhiteClock "0:00:45"]
[BlackClock "0:00:00"]
[Board "147"]

1. d4 d5 2. c4 e6 3. g3 Nf6 4. Nf3 Be7 5. Bg2 O-O 6. O-O c6 7. Qc2 Nbd7 8. Rd1 Re8 9. Nbd2 b6 10. e4 dxe4 11. Nxe4 Bb7 12. Bg5 c5 13. Ne5 Nxe4 14. Bxe7 Qxe7 15. Bxe4 Bxe4 16. Qxe4 Nxe5 17. dxe5 Rad8 18. h4 h6 19. Kg2 Qc7 20. g4 Rxd1 21. Rxd1 Rd8 22. Rxd8+ Qxd8 23. Kg3 g6 24. Qe3 Kg7 25. Qf3 Qd4 26. Qf6+ Kg8 27. h5 Qxc4 28. Qd8+ Kg7 29. hxg6 fxg6 30. Qf6+ Kh7 31. Qf7+ Kh8 32. Qxg6 Qxa2 33. Qxh6+ Kg8 34. Qg5+ Kf7 35. f4 Qb3+ 36. Kh4 a5 37. Qd8 a4 38. Kg5 Qxb2 39. Qd7+ Kf8 40. Kf6 1-0


[Site "https://www.chess.com"]

[Event "Titled Tuesday Blitz November 07 Early 2023"]
[White "Balla, Tamas-Kristof"]
[Black "Kopczynski, Michal"]
[WhiteFideId "1208497"]
[BlackFideId "1124200"]
[WhiteElo "2311"]
[BlackElo "2486"]
[Result "1-0"]
[Round "6"]
[TimeControl "180+1"]
[Date "2023.11.07"]
[WhiteClock "0:00:10"]
[BlackClock "0:00:04"]
[Board "148"]

1. e4 b6 2. d4 Bb7 3. Bd3 e6 4. c3 Nf6 5. e5 Bxg2 6. exf6 Qxf6 7. Qg4 Bxh1 8. Bg5 h5 9. Qh4 Be7 10. Bxf6 Bxf6 11. Qg3 Bc6 12. Nd2 d6 13. Ne4 Nd7 14. O-O-O O-O-O 15. Qe3 Be7 16. Ne2 Nf6 17. Ba6+ Kb8 18. Nxf6 Bxf6 19. d5 Bxd5 20. Nd4 g5 21. Qd3 Be5 22. Qb5 Bxd4 23. Rxd4 c6 24. Qa4 Kc7 25. Qd1 b5 26. c4 Bxc4 27. Rxc4 bxc4 28. Bxc4 d5 29. Bd3 e5 30. Qa4 Ra8 31. Qa5+ Kd6 32. Qb4+ Ke6 33. Qc5 Rhc8 34. f3 Rc7 35. Qe3 f6 36. Qd2 Rb8 37. Bc2 Rcb7 38. b3 a5 39. Qd3 a4 40. Qf5+ Ke7 41. Qh7+ Kd6 42. Qg6 Rf8 43. bxa4 c5 44. Qxh5 c4 45. a5 d4 46. Qh6 Rff7 47. Be4 Ra7 48. Qg6 d3 49. a6 Kc5 50. Qf5 Kd4 51. Qg4 Kc3 52. Qg1 Rxa6 53. Qe1+ Kd4 54. Qf2+ Kc3 55. Qb2# 1-0


[Site "https://www.chess.com"]

[Event "Titled Tuesday Blitz November 07 Early 2023"]
[White "Willy, Stephen"]
[Black "Bogaudinov, Rushan"]
[WhiteFideId "30981468"]
[BlackFideId "4129288"]
[WhiteElo "2486"]
[BlackElo "2314"]
[Result "1-0"]
[Round "6"]
[TimeControl "180+1"]
[Date "2023.11.07"]
[WhiteClock "0:00:12"]
[BlackClock "0:00:00"]
[Board "149"]

1. e4 b6 2. d4 Bb7 3. Bd3 e6 4. Nc3 Bb4 5. Ne2 c5 6. O-O cxd4 7. Nxd4 Nc6 8. Be3 Nf6 9. Nxc6 Bxc6 10. e5 Bxc3 11. bxc3 Nd5 12. Bd2 Qh4 13. f4 f5 14. exf6 Nxf6 15. Qe2 O-O 16. Rae1 Ng4 17. h3 Nf6 18. Qf2 Qh5 19. Re5 Qf7 20. Qh4 g6 21. f5 exf5 22. Bh6 Rfe8 23. Rexf5 gxf5 24. Rxf5 Re6 25. Bg5 Qh5 26. Qg3 Kf7 27. Bxf6 Qd1+ 28. Rf1 Qxf1+ 29. Bxf1 Rxf6 30. Bc4+ d5 31. Qc7+ Kg8 32. Bd3 h6 33. Qh7+ Kf8 34. Bf5 Re8 35. Qh8+ Ke7 36. Qg7+ Rf7 37. Qe5+ Kf8 38. Qd6+ Kg7 39. Qg6+ Kf8 40. Qxh6+ Ke7 41. Bg6 Bd7 42. Qg5+ Kf8 43. Bxf7 Kxf7 44. Qxd5+ Be6 45. Qh5+ Ke7 46. c4 Rf8 47. Qe5 Rf5 48. Qc7+ Kf6 49. Qxa7 Rc5 50. Qxb6 Rxc4 51. h4 Rxc2 52. h5 Rxa2 53. h6 Ra1+ 54. Kh2 Ra8 55. h7 Rh8 56. Qd4+ Kg6 57. Qxh8 Bf5 58. Qg8+ Kf6 59. h8=Q+ 1-0


[Site "https://www.chess.com"]

[Event "Titled Tuesday Blitz November 07 Early 2023"]
[White "Pujari, Rucha"]
[Black "Rasmussen, Casper"]
[WhiteFideId "5024528"]
[BlackFideId "1402005"]
[WhiteElo "2483"]
[BlackElo "2305"]
[Result "1-0"]
[Round "6"]
[TimeControl "180+1"]
[Date "2023.11.07"]
[WhiteClock "0:00:10"]
[BlackClock "0:00:00"]
[Board "150"]

1. d4 d5 2. c4 c6 3. cxd5 cxd5 4. Nc3 Nf6 5. Bf4 a6 6. e3 Nc6 7. Rc1 e6 8. Nf3 Bd6 9. Bg5 h6 10. Bh4 O-O 11. Bd3 Bd7 12. O-O b5 13. a3 Na5 14. Ne5 Be7 15. Bb1 Nh7 16. Qc2 f5 17. Bxe7 Qxe7 18. Ng6 Qf7 19. Nxf8 Qxf8 20. Ne2 Rc8 21. Qd3 Re8 22. Nf4 g5 23. Ng6 Qg7 24. Ne5 Nc4 25. f4 Nxb2 26. Qe2 Nc4 27. Ba2 Nf6 28. Bxc4 dxc4 29. fxg5 hxg5 30. a4 Ne4 31. Qh5 Nf6 32. Qd1 Rc8 33. axb5 axb5 34. Ra1 Bc6 35. Nxc6 Rxc6 36. Ra8+ Kh7 37. Qf3 Rc7 38. Qh3+ Kg6 39. Ra6 Qf7 40. g4 1-0


[Site "https://www.chess.com"]

[Event "Titled Tuesday Blitz November 07 Early 2023"]
[White "Lopez Martinez, Josep Manuel"]
[Black "Garrido, Denis"]
[WhiteFideId "2212943"]
[BlackFideId "601217"]
[WhiteElo "2476"]
[BlackElo "2304"]
[Result "1-0"]
[Round "6"]
[TimeControl "180+1"]
[Date "2023.11.07"]
[WhiteClock "0:00:09"]
[BlackClock "0:00:17"]
[Board "151"]

1. e4 c6 2. d3 d5 3. Nd2 e5 4. Ngf3 Bd6 5. g3 Ne7 6. Bg2 O-O 7. O-O f5 8. c3 a5 9. Re1 Ng6 10. b3 f4 11. exd5 cxd5 12. c4 Be6 13. Bb2 Nc6 14. cxd5 Bxd5 15. Nc4 Re8 16. Rc1 a4 17. bxa4 Bc7 18. Qb3 Qd7 19. Rcd1 Kh8 20. Qb5 Rad8 21. d4 fxg3 22. hxg3 e4 23. Nfe5 Ncxe5 24. Nxe5 Qf5 25. Qe2 Bxe5 26. dxe5 Nxe5 27. Bxe5 Qxe5 28. Bxe4 Bc6 29. Rxd8 Rxd8 30. Bxc6 Qxe2 31. Rxe2 bxc6 32. Rc2 Rd6 33. a5 Kg8 34. Rc5 Kf7 35. a6 Ke7 36. a7 Rd8 37. Rxc6 Ra8 38. Rc7+ Kf6 39. Rb7 h5 40. Kg2 g5 41. a4 Ke6 42. a5 Kd6 43. a6 Kc6 44. Kf3 h4 45. Kg4 Rh8 46. Rb8 1-0


[Site "https://www.chess.com"]

[Event "Titled Tuesday Blitz November 07 Early 2023"]
[White "Dinu, Dumitru-Daniel"]
[Black "ilya2700"]
[WhiteFideId "1208403"]
[WhiteElo "2476"]
[BlackElo "2303"]
[Result "1-0"]
[Round "6"]
[TimeControl "180+1"]
[Date "2023.11.07"]
[WhiteClock "0:01:03"]
[BlackClock "0:00:00"]
[Board "152"]

1. e4 c5 2. Nf3 e6 3. b3 d5 4. exd5 exd5 5. Bb2 Nc6 6. Bb5 Nf6 7. O-O Bd6 8. Re1+ Be6 9. d4 O-O 10. dxc5 Bxc5 11. Bxc6 bxc6 12. Bd4 Bd6 13. Nbd2 Bg4 14. h3 Bh5 15. c4 c5 16. Be5 Bxe5 17. Rxe5 Re8 18. Rxe8+ Qxe8 19. g4 Bg6 20. cxd5 Nxd5 21. Nc4 Nc3 22. Qd2 Ne4 23. Qe3 Nf6 24. Re1 Qxe3 25. Rxe3 Rd8 26. Nfe5 Be4 27. f3 Bb7 28. Kf2 Rd1 29. Rd3 Rxd3 30. Nxd3 Nd7 31. Nce5 Nxe5 32. Nxe5 Bd5 33. Ke3 f6 34. Nc4 Kf7 35. Nd2 Ke6 36. Nb1 h6 37. Nc3 g5 38. Ne2 Ke5 39. Ng3 Be6 40. Ne4 c4 41. b4 f5 42. Nc5 fxg4 43. hxg4 Bf7 44. Na4 h5 45. gxh5 Bxh5 46. Nc3 1-0


[Site "https://www.chess.com"]

[Event "Titled Tuesday Blitz November 07 Early 2023"]
[White "Lesbekova, Assel"]
[Black "Remolar Gallen, Jose"]
[WhiteFideId "13713248"]
[BlackFideId "2215187"]
[WhiteElo "2301"]
[BlackElo "2473"]
[Result "0-1"]
[Round "6"]
[TimeControl "180+1"]
[Date "2023.11.07"]
[WhiteClock "0:01:39"]
[BlackClock "0:01:04"]
[Board "153"]

1. e4 g6 2. h4 h5 3. d4 c6 4. Nc3 d5 5. Be2 Bg7 6. Be3 Nf6 7. exd5 cxd5 8. f3 Nc6 9. Nh3 Bxh3 10. Rxh3 Qd7 11. Qd2 O-O-O 12. O-O-O Ne8 13. Bb5 Nd6 14. Be2 Nf5 15. Kb1 Ncxd4 16. g4 Nxe3 17. Qxe3 e5 18. f4 hxg4 19. Rg3 Rhe8 20. Bxg4 f5 21. Bh3 exf4 22. Qxf4 Be5 23. Qf2 Bxg3 24. Qxd4 Kb8 25. Nxd5 Qxd5 0-1


[Site "https://www.chess.com"]

[Event "Titled Tuesday Blitz November 07 Early 2023"]
[White "Czerw, Dawid"]
[Black "Kohler, Aran"]
[WhiteFideId "1145746"]
[BlackFideId "1002856"]
[WhiteElo "2458"]
[BlackElo "2294"]
[Result "1-0"]
[Round "6"]
[TimeControl "180+1"]
[Date "2023.11.07"]
[WhiteClock "0:00:16"]
[BlackClock "0:00:21"]
[Board "154"]

1. e4 g6 2. Nc3 Bg7 3. d4 d6 4. f4 a6 5. Nf3 Nd7 6. Bd3 c5 7. d5 b5 8. a4 c4 9. Be2 Rb8 10. axb5 axb5 11. Nd4 Bxd4 12. Qxd4 f6 13. O-O Nh6 14. Be3 Nf7 15. b3 cxb3 16. cxb3 O-O 17. Bxb5 Nc5 18. b4 Nb3 19. Qc4 Nxa1 20. Rxa1 Bd7 21. Bc6 Bxc6 22. dxc6 Ra8 23. Rb1 Kg7 24. b5 Qa5 25. b6 Rac8 26. b7 d5 27. exd5 Nd6 28. Qb4 Nxb7 29. cxb7 Qxb4 30. Rxb4 Rxc3 31. Ba7 Rd3 32. b8=Q Rxb8 33. Bxb8 Rxd5 34. Rb2 Rd1+ 35. Kf2 Kf7 36. Ba7 h5 37. Bc5 Rd7 38. Ra2 Rc7 39. Be3 f5 40. Bd4 Rd7 41. Ke3 Rb7 42. Ra7 Rb3+ 43. Kd2 Rb5 44. Kc3 Ke6 45. Kc4 Rb1 46. Bc5 Rb2 47. Rxe7+ Kf6 48. Bd4+ Kxe7 49. Bxb2 Kf7 50. Kd5 Ke7 51. h4 Kf7 52. Ke5 Ke7 53. Bc3 Kf7 54. Kd6 Kg8 55. Ke6 Kh7 56. Kf7 Kh6 57. Bf6 Kh7 58. Bg5 Kh8 59. Kxg6 Kg8 60. Kxf5 Kh8 61. Kg6 1-0


[Site "https://www.chess.com"]

[Event "Titled Tuesday Blitz November 07 Early 2023"]
[White "Belanoff, Ted"]
[Black "Mazurkiewicz, Michal"]
[WhiteFideId "2070588"]
[BlackFideId "1124943"]
[WhiteElo "2292"]
[BlackElo "2456"]
[Result "0-1"]
[Round "6"]
[TimeControl "180+1"]
[Date "2023.11.07"]
[WhiteClock "0:00:02"]
[BlackClock "0:00:11"]
[Board "155"]

1. b4 e5 2. a3 d5 3. Bb2 Bd6 4. g3 Nf6 5. Bg2 O-O 6. e3 c6 7. Ne2 Re8 8. O-O Nbd7 9. f4 a5 10. c3 Nb6 11. d3 e4 12. Nd4 exd3 13. Nd2 Ne4 14. Bxe4 dxe4 15. f5 Qg5 16. Qe1 Bc7 17. c4 Na4 18. Rb1 axb4 19. axb4 Nxb2 20. Rxb2 Bd7 21. c5 Rad8 22. Nc4 Be5 23. Rbf2 f6 24. Rf4 Bxf4 25. Rxf4 Bc8 26. Nd6 Re5 27. Qd2 Qh5 28. Qa2+ Kf8 29. g4 Rxd6 30. gxh5 Rdd5 31. Qc4 d2 32. Rf1 Bxf5 33. Rd1 Bg4 34. Rxd2 Rg5 35. h4 Bf3+ 36. hxg5 Rxg5+ 37. Kf1 Rxh5 38. Ne6+ Ke7 39. Nf4 Rh1+ 40. Kf2 Rh2+ 41. Kg3 Rxd2 42. Qe6+ Kd8 43. Qg8+ Kc7 44. Qxg7+ Kb8 45. Ne6 Rg2+ 46. Kf4 Rxg7 47. Nxg7 h5 48. Ne8 h4 49. Nxf6 h3 50. Kg3 Bg2 51. Nh5 b6 52. Nf4 bxc5 53. bxc5 Kb7 54. Ne6 Ka6 55. Nd4 Kb7 56. Nb3 Kc7 57. Nd4 Kd7 58. Kh2 Bf1 59. Kg3 Bg2 60. Nf5 Ke6 61. Nd4+ Kd5 62. Nb3 Kc4 63. Na5+ Kxc5 64. Nb7+ Kc4 65. Nd6+ Kd3 66. Nf5 c5 67. Kf2 c4 68. Nd4 c3 69. Nb3 c2 70. Nc5+ Kc4 71. Nxe4 Bxe4 0-1


[Site "https://www.chess.com"]

[Event "Titled Tuesday Blitz November 07 Early 2023"]
[White "Kashtanov, Ruslan"]
[Black "Ruge, Edison"]
[WhiteFideId "4124871"]
[BlackFideId "4401000"]
[WhiteElo "2452"]
[BlackElo "2275"]
[Result "1-0"]
[Round "6"]
[TimeControl "180+1"]
[Date "2023.11.07"]
[WhiteClock "0:00:07"]
[BlackClock "0:00:00"]
[Board "156"]

1. e4 e5 2. Nf3 Nc6 3. d4 exd4 4. Bc4 Nf6 5. e5 Ne4 6. Qe2 Nc5 7. O-O Ne6 8. Bxe6 dxe6 9. Rd1 Bc5 10. Bg5 Be7 11. Bxe7 Qxe7 12. Nxd4 Nxd4 13. Rxd4 O-O 14. Nc3 Bd7 15. Rad1 Bc6 16. b4 a6 17. a4 Rad8 18. b5 Rxd4 19. Rxd4 axb5 20. axb5 Qa3 21. Rd3 Qa1+ 22. Qf1 Qxf1+ 23. Kxf1 Be8 24. Ke1 f6 25. exf6 Rxf6 26. Rd8 Kf8 27. Rc8 Rf7 28. Ne4 b6 29. c4 h6 30. Kd2 Rd7+ 31. Ke3 Ke7 32. c5 Bg6 33. c6 Rd5 34. Rxc7+ Kd8 35. Rxg7 Bxe4 36. Kxe4 Rxb5 37. Rd7+ Kc8 38. Rh7 Rg5 39. g3 b5 40. Rxh6 Kc7 41. Rxe6 b4 42. Kd3 b3 43. Kc3 Rb5 44. Kb2 Rb4 45. h4 Rb5 46. Re3 Kxc6 47. Rxb3 Rf5 48. f4 Rf8 49. Rd3 Kc5 50. Kc3 Ra8 51. Kd2 Re8 52. h5 Kc4 53. Re3 Rg8 54. Ke2 Kd4 55. Kf2 Rh8 56. g4 Rf8 57. Kf3 1-0


[Site "https://www.chess.com"]

[Event "Titled Tuesday Blitz November 07 Early 2023"]
[White "Haitin, Ilja"]
[Black "Akylbek2021"]
[WhiteFideId "4501764"]
[WhiteElo "2452"]
[BlackElo "2257"]
[Result "1-0"]
[Round "6"]
[TimeControl "180+1"]
[Date "2023.11.07"]
[WhiteClock "0:00:38"]
[BlackClock "0:00:04"]
[Board "157"]

1. Nf3 Nf6 2. g3 b5 3. Bg2 Bb7 4. O-O e6 5. Na3 Bxa3 6. bxa3 O-O 7. Rb1 Bc6 8. Bb2 d6 9. d3 Nbd7 10. e4 Nb6 11. Nd4 Bd7 12. f4 c5 13. Nf3 Rb8 14. e5 Ng4 15. Qe2 d5 16. Ng5 Nh6 17. Qh5 d4 18. Be4 f5 19. exf6 Qxf6 20. Nxh7 Qf7 21. Bg6 Qe7 22. Nxf8 Rxf8 23. Rbe1 Nd5 24. Bc1 Nf6 25. Qg5 Nf7 26. Qh4 Bc6 27. Bh7+ Nxh7 28. Qxe7 1-0


[Site "https://www.chess.com"]

[Event "Titled Tuesday Blitz November 07 Early 2023"]
[White "Gaikwad, Siddhant"]
[Black "Savitha Shri B"]
[WhiteFideId "25010239"]
[BlackFideId "35061887"]
[WhiteElo "2255"]
[BlackElo "2446"]
[Result "0-1"]
[Round "6"]
[TimeControl "180+1"]
[Date "2023.11.07"]
[WhiteClock "0:00:00"]
[BlackClock "0:00:04"]
[Board "158"]

1. e4 b6 2. d4 Bb7 3. Bd3 e6 4. f4 d5 5. e5 Nd7 6. Nf3 c5 7. c3 Nh6 8. O-O Be7 9. Qc2 cxd4 10. cxd4 Rc8 11. Qf2 f6 12. Nc3 O-O 13. Bd2 fxe5 14. fxe5 Nxe5 15. Qg3 Nxf3+ 16. Rxf3 Nf5 17. Qh3 Bf6 18. Raf1 Bxd4+ 19. Kh1 Bxc3 20. bxc3 d4 21. Bxf5 exf5 22. Rxf5 Rxf5 23. Qxf5 dxc3 24. Qf7+ Kh8 25. Bg5 Qg8 26. Qxb7 c2 27. Qf3 h6 28. Bc1 Qc4 29. h3 Qxa2 30. Qf5 Qc4 31. Rf3 Rd8 32. Kh2 Qd4 33. Qxc2 Qd6+ 34. Bf4 Qd5 35. Qb2 Qf7 36. Bxh6 Qc7+ 37. Rg3 Rd7 38. Bg5 Rd3 39. h4 Qxg3+ 0-1


[Site "https://www.chess.com"]

[Event "Titled Tuesday Blitz November 07 Early 2023"]
[White "Quirke, Jeffrey"]
[Black "Jesseinkman"]
[WhiteFideId "2013029"]
[WhiteElo "2253"]
[BlackElo "2444"]
[Result "0-1"]
[Round "6"]
[TimeControl "180+1"]
[Date "2023.11.07"]
[WhiteClock "0:00:00"]
[BlackClock "0:00:29"]
[Board "159"]

1. e4 e5 2. d4 exd4 3. Qxd4 Nc6 4. Qe3 Nf6 5. Bd2 Bb4 6. a3 Bxd2+ 7. Nxd2 O-O 8. O-O-O Re8 9. Qg3 Nxe4 10. Nxe4 Rxe4 11. Bd3 Re8 12. Nf3 h6 13. h4 d6 14. Ng5 Ne5 15. Bh7+ Kf8 16. f4 Ng4 17. Qb3 hxg5 18. hxg5 Be6 19. Qg3 g6 20. Bxg6 fxg6 21. Rh7 Bg8 22. Rh8 Qd7 23. Rdh1 Re3 24. Qh4 Qg7 25. Qxg4 Rae8 26. R8h2 Qd4 27. Rd1 Re1 28. Rh1 Rxh1 29. Rxh1 Qe3+ 30. Kb1 Qe1+ 31. Qd1 Qxd1+ 32. Rxd1 Re2 33. g4 Rf2 0-1


[Site "https://www.chess.com"]

[Event "Titled Tuesday Blitz November 07 Early 2023"]
[White "Kanyamarala, Tarun"]
[Black "Rodriguez Dominguez, Melissa"]
[WhiteFideId "45004714"]
[BlackFideId "3517560"]
[WhiteElo "2440"]
[BlackElo "2250"]
[Result "1-0"]
[Round "6"]
[TimeControl "180+1"]
[Date "2023.11.07"]
[WhiteClock "0:01:24"]
[BlackClock "0:00:50"]
[Board "160"]

1. e4 c5 2. c3 Nf6 3. e5 Nd5 4. Nf3 e6 5. d4 Nc6 6. Bc4 d6 7. O-O dxe5 8. dxe5 Be7 9. Qe2 O-O 10. Rd1 a6 11. a4 Na5 12. Ba2 b5 13. Nbd2 c4 14. Ne4 Qc7 15. h4 Bb7 16. Bg5 Bxg5 17. hxg5 Nf4 18. Qe3 Nd3 19. Bb1 Nxb2 20. Nf6+ Kh8 21. Rd4 gxf6 22. gxf6 Bxf3 23. Qh6 Rg8 24. Qxh7# 1-0


[Site "https://www.chess.com"]

[Event "Titled Tuesday Blitz November 07 Early 2023"]
[White "Witty_Alien"]
[Black "Kovalevsky, Stanislav"]
[BlackFideId "13508598"]
[WhiteElo "2248"]
[BlackElo "2439"]
[Result "0-1"]
[Round "6"]
[TimeControl "180+1"]
[Date "2023.11.07"]
[WhiteClock "0:00:00"]
[BlackClock "0:01:31"]
[Board "161"]

1. e4 c6 2. d4 d5 3. Nd2 dxe4 4. Nxe4 Nf6 5. Ng5 h6 6. Nxf7 Kxf7 7. Nf3 Be6 8. Bd3 Nbd7 9. O-O g5 10. Bxg5 Rg8 11. Bh4 Qa5 12. Re1 Qd5 13. c4 Qh5 14. Bxf6 Nxf6 15. Ne5+ Ke8 16. Qb3 b5 17. Bg6+ Rxg6 18. Nxg6 Bxc4 19. Qf3 Qxg6 20. Qxc6+ Kf7 21. Qxa8 Bd5 22. Rxe7+ Bxe7 0-1


[Site "https://www.chess.com"]

[Event "Titled Tuesday Blitz November 07 Early 2023"]
[White "Modric, Nesa"]
[Black "Jovic, Stanoje"]
[WhiteFideId "922579"]
[BlackFideId "905020"]
[WhiteElo "2168"]
[BlackElo "2435"]
[Result "0-1"]
[Round "6"]
[TimeControl "180+1"]
[Date "2023.11.07"]
[WhiteClock "0:00:00"]
[BlackClock "0:01:13"]
[Board "162"]

1. e4 c6 2. d4 d5 3. e5 c5 4. c3 Nc6 5. Be2 cxd4 6. cxd4 Qb6 7. Nc3 Nxd4 8. Nxd5 Qa5+ 9. Nc3 Qxe5 10. Be3 Nxe2 11. Ngxe2 Bd7 12. O-O Nf6 13. Bf4 Qh5 14. Qb3 b6 15. Ng3 Qg4 16. Be5 Qe6 17. Qxe6 fxe6 18. Rac1 g6 19. Nce4 Bg7 20. Ng5 h6 21. Nf3 O-O 22. Rc7 Rfd8 23. Rd1 Nd5 24. Bxg7 Kxg7 25. Rb7 Bc6 26. Rxd5 Bxb7 27. Re5 Rd1+ 28. Nf1 Ba6 0-1


[Site "https://www.chess.com"]

[Event "Titled Tuesday Blitz November 07 Early 2023"]
[White "WindWhistler11"]
[Black "jimmy-schlumpf"]
[WhiteElo "2434"]
[BlackElo "2229"]
[Result "1-0"]
[Round "6"]
[TimeControl "180+1"]
[Date "2023.11.07"]
[WhiteClock "0:00:45"]
[BlackClock "0:00:00"]
[Board "163"]

1. Nf3 Nf6 2. g3 g6 3. Bg2 Bg7 4. O-O O-O 5. d3 c5 6. Nbd2 Nc6 7. e4 d6 8. c3 Rb8 9. d4 cxd4 10. cxd4 d5 11. e5 Ne4 12. Nb3 e6 13. Ne1 h6 14. Be3 b6 15. f3 Ng5 16. Qd2 Ba6 17. Rf2 Na5 18. Nxa5 bxa5 19. h4 Nh7 20. Bxh6 Qb6 21. Bxg7 Kxg7 22. Bf1 Bxf1 23. Kxf1 Rfc8 24. Kg2 a4 25. h5 gxh5 26. Nd3 Qxd4 27. Rh1 a3 28. Rxh5 Kg8 29. Rh4 axb2 30. Rxd4 b1=Q 31. Qh6 Rc2 32. Rg4+ 1-0


[Site "https://www.chess.com"]